[Event "Czech Championship U20 Open 2023"]
[Site "Jaromerice nad Rokytnou"]
[Date "2023.03.13"]
[Round "5.4"]
[White "Kubiczek, Michal"]
[Black "Svanda, Ondrej"]
[Result "0-1"]
[ECO "E04"]
[WhiteElo "2087"]
[BlackElo "2366"]
[Annotator "TA"]
[PlyCount "64"]
[EventDate "2023.03.10"]
[EventType "tourn"]
[EventCountry "CZE"]
[SourceTitle "playchess.com"]
[Source "ChessBase"]
[SourceQuality "1"]
[TimeControl "40/5400+30:1800+30"]

1. d4 Nf6 2. c4 e6 3. g3 d5 4. Nf3 dxc4 5. Bg2 a6 6. O-O Nc6 7. Ne5 {[%emt 0:13:38] E04: Open Catalan: 5 Nf3.} Nxe5 8. dxe5 Qxd1 9. Rxd1 {[%emt 0:00:10] The position is equal.} Nd7 10. Bf4 $1 Rb8 11. a4 Nc5 {[%emt 0:38:03] [#]} 12. a5 $146 ({Predecessor:} 12. Nd2 Bd7 13. Rdc1 b5 14. axb5 axb5 15. Ra7 Na4 16. b3 Ba3 17. Rc2 Bc5 18. Rxc7 cxb3 19. R2xc5 Nxc5 20. Rxc5 {1-0 Novozhilov,S (1788)-Petrovsky,N (2006) Moscow op-A 17th 2021 (7)}) 12... Nb3 13. Ra4 Bd7 14. Rxc4 c5 15. Be3 (15. Rc3 $11 Nxa5 16. Ra3) 15... Nxa5 $15 16. Rc3 Ba4 $36 {[%emt 0:02:28][%mdl 2048] Black is pushing.} 17. Rf1 b6 18. Nd2 Be7 19. Ra1 Bb5 20. b3 O-O 21. Be4 (21. Kf1 $17 {might work better.}) 21... Rfd8 (21... Bxe2 $19 22. Rb1 Bb5) 22. Bd3 Bxd3 23. exd3 Nc6 24. Rxa6 Nxe5 25. Nc4 Bf6 {[%emt 0:00:44] [#] ...Nf3+ is the strong threat.} ({Inferior is} 25... Rxd3 26. Rxd3 Nxd3 27. Rxb6 Rxb6 28. Nxb6 $15) 26. Nxe5 (26. Rc2 $17 {keeps fighting.}) 26... Bxe5 $19 27. Rc4 Rxd3 28. b4 Bd4 29. bxc5 Bxe3 ({And not} 29... bxc5 30. Bxd4 cxd4 31. Kg2 $17) 30. c6 {[%emt 0:02:41] [#]} (30. fxe3 bxc5 31. Rxc5) 30... Bc5 {[%emt 0:02:19] Black is clearly winning.} 31. c7 Rc8 32. Rxb6 Bxb6 {[%emt 0:00:09] Weighted Error Value: White=0.65/Black=0.05 (flawless)} 0-1

[Event "Czech Championship U20 Open 2023"]
[Site "Jaromerice nad Rokytnou"]
[Date "2023.03.13"]
[Round "5.5"]
[White "Frank, Adam"]
[Black "Smolik, Jachym"]
[Result "1-0"]
[ECO "B19"]
[WhiteElo "2391"]
[BlackElo "2297"]
[Annotator "TA"]
[PlyCount "111"]
[EventDate "2023.03.10"]
[EventType "tourn"]
[EventCountry "CZE"]
[SourceTitle "playchess.com"]
[Source "ChessBase"]
[SourceQuality "1"]
[TimeControl "40/5400+30:1800+30"]

1. e4 c6 2. d4 d5 3. Nd2 dxe4 4. Nxe4 Bf5 5. Ng3 Bg6 6. h4 h6 7. Nf3 Nd7 8. h5 Bh7 9. Bd3 Bxd3 10. Qxd3 Ngf6 11. Bd2 e6 12. O-O-O Be7 13. Kb1 c5 {[%emt 0:06:17] [#] B19: Classical Caro-Kann: 4...Bf5 main line.} 14. d5 $1 Nxd5 {[%emt 0:05:38] [#]} 15. Nf5 $1 {[%emt 0:00:06][%mdl 64] Deflection} Bf6 {[%emt 0:15:54] The position is equal.} 16. Nd6+ {[%emt 0:13:58][%mdl 1024] White has compensation.} (16. c4 $5 Qb6 17. b3 $11) 16... Ke7 {[%emt 0:01:50] [#]} 17. Nf5+ {[%emt 0:07:57][%cal Bd6f5,Bf5e3,Be3g4][%mdl 96] Deflection} Kf8 18. c4 $1 N5b6 19. Ne3 {[%emt 0:04:45] [#]} Qc7 $146 ({Predecessor:} 19... Ne5 20. Nxe5 Bxe5 21. Qxd8+ Rxd8 22. Bb4 Ke8 23. Bxc5 Nd7 24. Bxa7 b6 25. c5 bxc5 {½-½ Piccoli,F (2073)-Zaas,P (2366) WZ-ch sf04 email 2018}) 20. Ng4 Ke7 21. g3 Qc6 22. Bf4 Rhd8 {[%emt 0:09:36][%cal Ob6c4] ...Nxc4! would be deadly.} 23. Bd6+ (23. Nxf6 Nxf6 24. Ne5 Qxh1 25. Rxh1 Rxd3 26. Nxd3 Nxc4 $17) 23... Ke8 {[%emt 0:00:02][%cal Ob6c4] [#]} 24. Rhe1 $1 $36 {[%emt 0:00:35][%cal Oe1e6][%mdl 2048] Keeping Black busy.} Nf8 {[%emt 0:00:21] ...Be7 is the strong threat.} (24... Bd4 $2 25. Rxe6+ fxe6 26. Qg6#) 25. Nfe5 {[%emt 0:02:36][%cal Bf3e5,Be5g4,Bg4h6,Bh6f5,Bf5g7][%mdl 32] White is much more active. The black rooks are badly placed.} Qa4 {[%emt 0:03:56][%mdl 8192] This move loses the game for Black.} (25... Rxd6 $16 26. Qxd6 Qxd6 27. Rxd6 Bxe5 28. Nxe5 f6) 26. Nxf6+ $18 gxf6 {[%emt 0:00:04] Black is weak on the dark squares} 27. Ng4 Nbd7 28. b3 Qc6 29. f4 a5 30. Nxh6 Nb6 31. Nf5 Rd7 32. Qe3 a4 33. Ng7+ {[%emt 0:00:26][%mdl 64] Deflection} Kd8 34. Bxf8 axb3 35. Rxd7+ (35. Qxc5 Qe4+ 36. Rxe4 Rxd1+ 37. Kb2 Na4+ 38. Kxb3 Nxc5+ 39. Bxc5 Rd3+ 40. Kb4 Rxa2 41. Rd4+ Rxd4 42. Bxd4 Ke7 $18) 35... Nxd7 36. Rd1 Rxa2 {[%emt 0:02:02][%cal Oa2a1] Threatens to win with ...Ra1+!} 37. Bxc5 (37. Qxc5 $2 Qe4+) (37. Qxb3 Ra6 38. Qd3 Qb6+ 39. Kc1 Ra1+ 40. Kd2 Qb2+ 41. Ke1 Rxd1+ 42. Qxd1 f5 $18) 37... Ra1+ 38. Kxa1 {[%emt 0:00:04][%cal Bb1a1,Ba1b2,Bb2c3,Bc3b4,Bb4c5][%mdl 32] Black must now prevent Ba3.} Qa4+ 39. Kb2 Qa2+ 40. Kc3 {[%emt 0:00:03] White wants to mate with Bb6+.} Qc2+ 41. Kb4 {[%emt 0:30:04] Threatening mate with Bb6+.} Qxd1 42. Qc3 {[%emt 0:00:00] Repels b2} Nxc5 43. Kxc5 ({Weaker is} 43. Qxf6+ Kc7 44. Qe7+ (44. Kxc5 $2 {is the wrong capture.} Qd6+ 45. Kb5 Qb6+ 46. Ka4 b2 $19) (44. Qe5+ $2 Kd7 $19) 44... Nd7 45. Ne8+ Kc6 46. Qxf7 Qe2 47. Kxb3 Qd3+ 48. Kb2 (48. Kb4 Qd2+ 49. Ka3 Qd3+ 50. Kb4 Qd2+ 51. Ka3 Qd3+ 52. Kb4 $11) 48... Qd4+ 49. Kc2 (49. Kb3 Nc5+ 50. Kc2 Qxc4+ 51. Kd2 Qd3+ 52. Ke1 Qxg3+ 53. Kf1 Qh3+ 54. Kg1 Qg4+ 55. Kh1 Kb5 $11) 49... Qe4+ 50. Kd2 Qg2+ 51. Ke3 Qxg3+ 52. Ke2 Qg2+ 53. Ke3 Qg3+ 54. Ke2 Qg2+ 55. Kd3 Qf3+ 56. Kd2 Qf2+ 57. Kc3 Qe1+ 58. Kd4 Qd2+ 59. Ke4 Qe2+ 60. Kd4 Qf2+ 61. Kc3 Qe1+ 62. Kd4 Qd2+ 63. Ke4 Qg2+ 64. Kd3 Qf3+ 65. Kd2 Qg2+ 66. Ke3 Qg3+ $11) 43... Qc2 44. Kb4 Ke7 45. Qxb3 Qh7 {[%emt 0:00:00] [#]} 46. Kc5 $1 Kf8 47. h6 Qxh6 {[%emt 0:00:00] [#]} 48. Nxe6+ $1 fxe6 49. Qxb7 {[%emt 0:00:00][%mdl 4096] Endgame And now Kd6 would win. KQ-KQ} e5 50. Qc8+ Ke7 51. Qf5 (51. f5 $142) 51... exf4 $2 (51... Qh8 52. fxe5 fxe5 53. Qg5+ Kf7) 52. gxf4 Qf8 53. Qd5 {[%emt 0:00:00] White threatens Qd6+ and mate.} Qb8 {[%emt 0:00:32] Inhibits Qd6+.} 54. Qe4+ $2 (54. f5 {Intending Qe6+ and mate.} Qb2 55. Kc6) 54... Kd7 (54... Kf8 $18 55. f5 Qc7+ 56. Qc6 Qa5+ 57. Qb5 Qc7+ 58. Kb4 Kg7) 55. Qh7+ Ke6 56. f5+ {[%emt 0:00:00] A superb game by Frank.   Weighted Error Value: White=0.30/Black=0.40} 1-0

[Event "Czech Championship U20 Open 2023"]
[Site "Jaromerice nad Rokytnou"]
[Date "2023.03.13"]
[Round "5.6"]
[White "Mica, Marek"]
[Black "Gnojek, Petr"]
[Result "0-1"]
[ECO "A40"]
[WhiteElo "2248"]
[BlackElo "2313"]
[Annotator "TA"]
[PlyCount "158"]
[EventDate "2023.03.10"]
[EventType "tourn"]
[EventCountry "CZE"]
[SourceTitle "playchess.com"]
[Source "ChessBase"]
[SourceQuality "1"]
[TimeControl "40/5400+30:1800+30"]

1. d4 e6 2. Bf4 f5 3. e3 Nf6 4. Bd3 Nc6 5. Nf3 d6 6. Nbd2 Qe7 7. O-O (7. e4 $5 ) 7... e5 8. dxe5 {[%emt 0:00:05] The position is equal.} dxe5 9. e4 exf4 $17 10. exf5 {[%emt 0:00:51] Strongly threatening Re1.} Qc5 (10... Qd8 $1 $17 {And now ...Be7 would win.} 11. Qe2+ Be7) 11. Nb3 $11 Qd5 (11... Qb6 $1 $11 12. Re1+ Be7) 12. Qe2+ $16 {[%emt 0:05:31][%mdl 1024] White has strong compensation.} Be7 13. Rfe1 $1 Kf8 14. Rad1 Bd6 (14... Bxf5 $2 15. Bxf5 Qxf5 16. Nbd4 Nxd4 17. Nxd4 $18) (14... Qf7 $16) 15. c4 $1 $18 Qf7 16. c5 $1 Be7 17. Bc4 Qe8 18. Qd2 Qh5 19. Qxf4 Qg4 (19... Bxf5 $2 20. Qxc7 Rd8 21. Nbd4 $18 (21. Qxb7 Rxd1 22. Rxd1 Be4 $18)) 20. Qc1 (20. Qxg4 Nxg4 21. Nbd4 Nxd4 22. Rxd4 Bxf5 $11) 20... Qxf5 (20... Bxf5 21. Nbd4 Re8 22. h3) 21. Qe3 g5 22. Nfd4 (22. Nxg5 Ng4 23. Ne6+ Bxe6 24. Qxe6 Qxe6 25. Bxe6 Nf6 $17) (22. Qxg5 Qxg5 23. Nxg5 Nh5 $17) 22... Qf4 {[%emt 0:00:11] [#]} (22... Ng4 {is a better defense.} 23. Nxf5 Nxe3 24. Nxe3 Bd8) 23. Qe2 $2 (23. Ne6+ $6 Bxe6 24. Qxe6 Ng4 $16) (23. Qc3 $1 $18 Ne5 24. f3 (24. g3 Ne4 $14 {[%mdl 64] Double Attack}) 24... Nxc4 25. g3) 23... Ng4 $1 $14 24. g3 Qe5 (24... Qxf2+ $1 $11 25. Qxf2+ Nxf2 26. Kxf2 Nxd4 27. Nxd4 (27. Rxd4 Bf6 $11) 27... Bg4) 25. Nxc6 (25. Qf3+ Qf6 26. Qe2 Nge5 $15) (25. Qf1 $16 Qf6 26. Nxc6 bxc6 27. Qe2) 25... Qxe2 $11 26. Rxe2 bxc6 27. Rde1 $1 Bf6 28. Re8+ $1 Kg7 29. Rxh8 Kxh8 30. Re8+ Kg7 31. Rg8+ Kh6 32. Be6 (32. Be2 $5) 32... Bxe6 33. Rxa8 Bxb3 34. axb3 Bd4 35. Rxa7 Nxf2 36. Rxc7 {[%emt 0:01:28] Threatens to win with Kg2.} Nd3+ 37. Kg2 Nb4 38. Kf3 Bxc5 39. h4 gxh4 40. gxh4 Bd4 41. Rb7 c5 42. Ke4 Bf2 43. Rc7 Kg6 44. Kf3 Bd4 45. Ke4 h6 46. Rb7 Kh5 47. Rb6 (47. Rxb4 cxb4 48. Kxd4 Kxh4 49. Ke3 Kg3 50. Ke2 Kg2 51. Ke3 h5 52. Kd4 h4 53. Kc5 h3 54. Kxb4 Kg3 55. Kc4 h2 56. Kd5 h1=Q+ 57. Kd6 Kf4 58. Kc5 Qb7 59. Kc4 Ke4 60. Kc5 Qc7+ 61. Kb5 Kd4 62. b4 Qb7+ 63. Ka4 Kc4 64. b3+ Kc3 65. Ka5 Kxb3 66. b5 Qa7#) 47... Bxb2 48. Kf3 (48. Rb5 $11 {remains equal.}) 48... Bc3 49. Kg2 Nc2 {[%emt 0:04:27] White must now prevent ...Nd4.} 50. Kh3 Bb4 51. Re6 (51. Rd6 $15) 51... Nd4 $19 52. Re3 (52. Re5+ {is the only way for White.} Kg6 53. Kg4) 52... Kg6 53. Kg4 h5+ 54. Kh3 Kf5 {[%emt 0:00:13] aiming for ...Kf4.} 55. Rg3 (55. Kg2 $142 Kf4 56. Kf2) 55... Ne6 $2 (55... Ke4 {...Bd2 would be deadly.} 56. Kg2 Be1) 56. Rg8 Nf4+ 57. Kg3 Be1+ {[%emt 0:00:27][%mdl 64] Deflection} 58. Kf3 {[%emt 0:00:41] Hoping for Rf8+.} Bxh4 59. Rb8 Be7 $2 (59... Nd3 $19 {...Be7 is the strong threat.} 60. Ke3 Nb4 61. Rf8+ Bf6) 60. b4 $1 $11 Ne6 61. bxc5 Bxc5 ({Inferior is} 61... Nxc5 62. Rb5 $17) 62. Kg2 (62. Re8 $11) 62... Nf4+ (62... Bd4 $1 $15 {feels stronger.} 63. Kh3 Nf4+ 64. Kg3 h4+ 65. Kf3 Ng6) 63. Kh1 (63. Kf3 $11) 63... Bd4 64. Rb3 Kg4 {[%emt 0:00:33] Repels Rf3} (64... Ne6 $15 {should be considered.} 65. Kg2 h4) 65. Rb4 (65. Rg3+ $1 $11 Kf5 66. Rb3 (66. Rf3 $2 h4 $19)) 65... Ne2 (65... Ne6 $15 66. Kh2 Kf3 67. Rb3+ Kf4) 66. Ra4 $2 (66. Kg2 $11) 66... Kh3 67. Ra3+ {[%emt 0:00:24] [#]} Bc3 $1 68. Ra4 Ng3+ 69. Kg1 {[%emt 0:00:30] [#]} Bd4+ $1 {[%emt 0:00:05][%mdl 576] Decoy. Black mates.} 70. Rxd4 {[%emt 0:00:12] KR-KN} Ne2+ 71. Kh1 Nxd4 72. Kg1 Kg3 73. Kh1 h4 74. Kg1 h3 75. Kh1 Nf5 76. Kg1 Nh6 77. Kh1 Ng4 78. Kg1 h2+ 79. Kh1 Nf2# {[%emt 0:00:04] What a fight!   Weighted Error Value: White=0.32/Black=0.28 (precise)} 0-1

[Event "Czech Championship U20 Open 2023"]
[Site "Jaromerice nad Rokytnou"]
[Date "2023.03.14"]
[Round "6.1"]
[White "Hlavina, Matous"]
[Black "Gnojek, Petr"]
[Result "1-0"]
[ECO "B45"]
[WhiteElo "2091"]
[BlackElo "2313"]
[Annotator "TA"]
[PlyCount "71"]
[EventDate "2023.03.10"]
[EventType "tourn"]
[EventCountry "CZE"]
[SourceTitle "playchess.com"]
[Source "ChessBase"]
[SourceQuality "1"]
[TimeControl "40/5400+30:1800+30"]

1. e4 c5 2. Nf3 e6 3. d4 cxd4 4. Nxd4 Nc6 5. Nc3 d6 6. Be3 Nf6 7. f3 Be7 8. Qd2 O-O 9. O-O-O a6 10. g4 Nxd4 11. Bxd4 b5 12. h4 Nd7 13. g5 Qc7 {[%emt 0:01:15] B80: Sicilian Scheveningen: 6 g3 and 6 Be3, including English Attack.} 14. h5 (14. a3 $14) 14... b4 $11 15. Na4 Qa5 {[%emt 0:01:10][%csl LRa4,LRg5] The position is equal.} 16. g6 {[%emt 0:12:45][%cal Oh5h6] [#] Hoping for h6!} h6 $146 (16... Qxa4 $2 17. h6 fxg6 18. hxg7 $18) (16... Bg5 $1 $11 17. f4 Bh6) ({Predecessor:} 16... Bg5 17. f4 Bh6 18. b3 Bb7 19. Bg2 Rac8 20. Kb1 e5 21. Bb2 Rc6 22. Ba3 Bxf4 23. Qxb4 {1-0 Engineer (2426)-Alexisco (2431) PAL/CSS Freestyle op 5th rapid 2007 (2)}) 17. b3 $16 {[%emt 0:04:07] White has more active pieces. The black rooks are badly placed.} Ne5 $2 {[%emt 0:06:15][%mdl 8192] Loses the game.} (17... fxg6 $16 18. hxg6 Qg5) 18. Bb6 $18 {[%emt 0:01:45][%mdl 64] [#] Trapped Piece} Nxf3 {[%emt 0:00:10] Strongly threatening ...Qe5.} 19. Bxa5 Nxd2 20. Kxd2 (20. Rxd2 Bg5 21. Nb6 Rb8) 20... fxg6 21. Nb6 ({Don't do} 21. Bxb4 Bb7 22. Bd3 (22. hxg6 a5 $16) 22... Rf4 $18) 21... Rb8 22. Bc4 {[%emt 0:01:15] And now Nxc8 would win.} Kh7 (22... Bg5+ {was called for.} 23. Ke2 Rf4) 23. hxg6+ Kxg6 24. Rdf1 Bg5+ 25. Kd1 {[%emt 0:00:48] White is clearly winning.} Rd8 26. Nxc8 {[%emt 0:06:50][%mdl 64] [#] Remove Defender} Rdxc8 27. Bxe6 {[%emt 0:01:16] Black must now prevent Bf5+.} ({Less strong is} 27. Bxa6 Rc5 $11) 27... Rc5 28. Rf5 Re5 29. Rxe5 dxe5 30. Bc7 {[%emt 0:00:29][%csl LRb8,LRe5] Against Bd8} Re8 31. Bd7 Rf8 32. Ke2 {[%emt 0:01:18] Wards off Rf2+} ({Not} 32. Bxe5 Rd8 $15) 32... Bf4 33. Bf5+ Kf6 34. Rg1 g5 35. Rd1 h5 36. Rd7 {[%emt 0:01:03] Weighted Error Value: White=0.11 (very precise) /Black=0.65} 1-0

[Event "Czech Championship U20 Open 2023"]
[Site "Jaromerice nad Rokytnou"]
[Date "2023.03.14"]
[Round "6.2"]
[White "Smolik, Jachym"]
[Black "Mica, Marek"]
[Result "1-0"]
[ECO "B53"]
[WhiteElo "2297"]
[BlackElo "2248"]
[Annotator "TA"]
[PlyCount "151"]
[EventDate "2023.03.10"]
[EventType "tourn"]
[EventCountry "CZE"]
[SourceTitle "playchess.com"]
[Source "ChessBase"]
[SourceQuality "1"]
[TimeControl "40/5400+30:1800+30"]

1. e4 c5 2. Nf3 d6 3. d4 cxd4 4. Qxd4 Nc6 5. Qe3 g6 6. Be2 {[%emt 0:00:05] B53: Sicilian: 2...d6: Lines with Qxd4.} Bg7 7. O-O Nf6 8. h3 {[%emt 0:00:05] The position is equal.} O-O 9. Rd1 Nd7 10. Nc3 b6 11. Rb1 Bb7 12. Nd5 {[%emt 0:02:01] [#]} Nc5 $146 (12... Nce5 $11) ({Predecessor:} 12... a6 13. c4 Re8 14. b3 e6 15. Nc3 Qb8 16. Ba3 Bf8 17. Qd2 Nc5 18. Bf1 Rd8 {½-½ Harikrishna,P (2732)-Grischuk,A (2777) Airthings Masters Prelim rapid 2020 (6)}) 13. b4 $14 Nd7 14. c4 {[%emt 0:01:33] White is much more active. The black rooks are badly placed.} Rc8 15. a4 a5 16. b5 Nce5 17. Nxe5 Bxe5 18. f4 Bg7 19. Ba3 Nc5 20. e5 $1 {[%emt 0:02:18] And now exd6 would win.} Bxd5 $1 21. Rxd5 Nxa4 22. Rbd1 (22. exd6 exd6 23. Rxd6 Qh4 $15) 22... Re8 {[%emt 0:01:35] Black is weak on the light squares} 23. Qf3 Qd7 24. Qb3 Nc5 25. Bxc5 Rxc5 26. Rxc5 (26. exd6 $2 Rxd5 27. Rxd5 exd6 $19) 26... bxc5 27. Bf3 {[%emt 0:02:09] aiming for Bc6.} Rb8 28. Qa3 (28. Qc2 $11 {remains equal.}) 28... Qc7 (28... Qf5 $17 29. exd6 exd6) 29. exd6 $11 exd6 30. Bd5 Bd4+ 31. Kh2 Qd8 32. Re1 Kf8 (32... h5 $1 $11) 33. Re2 ({Better is} 33. g3 $16) 33... Qf6 (33... h5 $1 $11) 34. Qxa5 $16 Qxf4+ 35. g3 Qf1 36. Qe1 Qxe1 37. Rxe1 $14 {[%emt 0:00:28][%mdl 4096] Endgame KRB-KRB} Bc3 {[%emt 0:04:42] White now steadily converts the win.} ({Black should try} 37... Re8 $1 $14 38. Rxe8+ Kxe8) 38. Re3 $1 $16 Ba5 (38... Be5 $16) 39. Rf3 $18 f5 40. g4 Kg7 41. gxf5 Rf8 42. Ra3 Bb6 43. fxg6 Kxg6 44. Re3 Kg5 {[%emt 0:00:00] [#]} 45. Kg3 $1 Bd8 46. Re6 h5 (46... Bb6 {keeps fighting.} 47. Re7 (47. Rxd6 $2 Bc7 $19) (47. h4+ Kf5 $18) 47... h6 48. h4+ Kf5) 47. Kg2 (47. Rxd6 $2 Bc7 48. h4+ Kf5 $19) (47. h4+ $142 Kf5 48. Rh6 (48. Rxd6 $2 Bc7 $19)) 47... Bf6 $2 {[%emt 0:00:00] [#]} (47... Bc7 {was called for.} 48. Re7 Ba5) 48. b6 $1 (48. Rxd6 Bd4 $16) 48... Bd4 49. Re2 {[%emt 0:00:00] Prevents Rf2+} (49. Rxd6 Rf2+ 50. Kh1 Rf1+ 51. Kh2 (51. Kg2 Rf2+ 52. Kh1 Rf1+ 53. Kh2 Rf2+ 54. Kh1 $11) 51... Rf2+ 52. Kh1 Rf1+ 53. Kh2 (53. Kg2 Rf2+ 54. Kh1 $11) 53... Rf2+ 54. Kh1 $11) 49... Bc3 (49... Bf6 $142 50. b7 Rb8) 50. Ra2 Kh4 51. b7 {[%emt 0:00:00] Threatening mate with Ra8.} Bd4 52. Re2 Kg5 53. Ra2 Kh4 $1 54. Rd2 Kg5 55. Re2 Kh4 56. Re4+ Kg5 57. h4+ Kf5 58. Re7 {[%emt 0:00:00] White wants to mate with Rf7+.} Kg4 59. Rf7 {[%emt 0:00:00] Inhibits Rf2+.} Re8 60. Be6+ {[%emt 0:00:00][%mdl 64] Deflection, Promotion} Kxh4 61. Bc8 Re2+ 62. Kf3 Rb2 63. Ke4 Kg3 64. Rf3+ Kg2 65. Ra3 Bf2 66. Kd5 {[%emt 0:00:31] Threatens to win with Ra8.} h4 $2 (66... Bg3 67. Ra2 {[%mdl 64] Promotion} Rxa2) 67. Ra8 h3 {[%emt 0:00:00] [#]} 68. Bxh3+ $1 {[%emt 0:00:22][%mdl 576] Promotion} Kxh3 (68... Kh2 69. Bc8) 69. b8=Q ({Worse is} 69. b8=B Rd2+ 70. Ke6 Re2+ 71. Kd5 Bg3 $11) 69... Rxb8 70. Rxb8 {[%emt 0:00:03] KR-KB} Kg4 71. Rf8 ({Stronger than} 71. Kxd6 Bg3+ 72. Kxc5 Bxb8 $11) 71... Bd4 72. Kxd6 Kg5 {[%emt 0:00:00] White mates.} 73. Rc8 Kf6 74. Rxc5 Kf7 75. Rd5 Bg1 76. Kd7 {[%emt 0:00:02] Weighted Error Value: White=0.32/Black=0.26 (precise)} 1-0

[Event "Czech Championship U20 Open 2023"]
[Site "Jaromerice nad Rokytnou"]
[Date "2023.03.14"]
[Round "6.3"]
[White "Svanda, Ondrej"]
[Black "Frank, Adam"]
[Result "1-0"]
[ECO "B22"]
[WhiteElo "2366"]
[BlackElo "2391"]
[Annotator "TA"]
[PlyCount "47"]
[EventDate "2023.03.10"]
[EventType "tourn"]
[EventCountry "CZE"]
[SourceTitle "playchess.com"]
[Source "ChessBase"]
[SourceQuality "1"]
[TimeControl "40/5400+30:1800+30"]

1. e4 c5 2. c3 Nf6 3. e5 Nd5 4. Nf3 d6 5. Bb5+ Bd7 6. Bc4 {[%emt 0:00:01] B22: Sicilian: 2 c3.} e6 7. d4 Nb6 8. Bb3 {[%emt 0:01:23] [#] The position is equal.} Bb5 $146 ({Predecessor:} 8... cxd4 9. exd6 Bc6 10. Nxd4 Qxd6 11. Nxc6 Qxd1+ 12. Kxd1 Nxc6 13. Ke2 O-O-O 14. a4 a6 {1-0 Leniart,A (2491)-Jeet,J (2218) Roquetas de Mar op 34th 2023 (2)}) 9. a4 Ba6 10. a5 N6d7 {[%emt 0:02:20] [#]} 11. d5 {[%emt 0:08:04] White is more active.} Nxe5 {[%emt 0:00:06] ...Nd3+ would be deadly.} 12. Nxe5 ({Weaker is} 12. dxe6 Nd3+ 13. Kd2 Nxf2 14. exf7+ Kd7 $17) 12... dxe5 13. Qf3 (13. Ba4+ {is more complex.} Ke7 14. Qh5 f6 15. Be3) 13... exd5 14. Bxd5 $40 {[%emt 0:00:03][%csl Gd5][%cal Rf3f7][%mdl 128] White mounts an attack.} Qc7 15. Nd2 (15. Be3 $11) 15... Bd6 $2 {[%emt 0:11:27][%mdl 8192] Black cannot hold the game after this.} (15... Nc6 $15 {stays ahead.}) 16. Ne4 $18 {[%emt 0:00:02] Threatens to win with Nxd6+.} O-O $2 {[%emt 0:00:07] [#]} (16... Rf8 17. Bg5 (17. Bxb7 Bxb7 18. Nxd6+ {[%mdl 64] Discovered Attack} Qxd6 $16) 17... f6) 17. Nf6+ $1 {[%emt 0:05:06][%mdl 576] Deflection} Kh8 {[%emt 0:03:01] [#]} 18. Qf5 {[%emt 0:00:03][%csl Gf6][%cal Rf5h7] Against Nd7} Bd3 19. Qxd3 gxf6 20. Qf5 {[%emt 0:00:02] Be4 would kill now.} Re8 {[%emt 0:07:16] Black is weak on the light squares} 21. Be4 {[%emt 0:00:29][%csl Ge4][%cal Rf5h7] White mates.} Kg7 {[%emt 0:00:04] [#]} 22. Bh6+ $1 {[%emt 0:00:06][%mdl 576] Decoy} Kxh6 23. Qxf6+ Kh5 24. Bf3# {Beautiful play by Svanda!   Weighted Error Value: White=0.06 (flawless) /Black=0.65} 1-0

[Event "Czech Championship U20 Open 2023"]
[Site "Jaromerice nad Rokytnou"]
[Date "2023.03.14"]
[Round "6.4"]
[White "Jares, Michal"]
[Black "Kubiczek, Michal"]
[Result "1-0"]
[ECO "A05"]
[WhiteElo "2177"]
[BlackElo "2087"]
[Annotator "TA"]
[PlyCount "99"]
[EventDate "2023.03.10"]
[EventType "tourn"]
[EventCountry "CZE"]
[SourceTitle "playchess.com"]
[Source "ChessBase"]
[SourceQuality "1"]
[TimeControl "40/5400+30:1800+30"]

1. Nf3 Nf6 2. g3 d5 3. Bg2 c5 4. O-O Nc6 5. d4 cxd4 6. Nxd4 e5 7. Nxc6 bxc6 8. c4 Be6 (8... dxc4 9. Bxc6+ Bd7 10. Bxa8 Qxa8 11. Nc3 $16) 9. Qa4 {[%emt 0:07:21] [#] Strongly threatening cxd5. D02: 1 d4 d5 2 Nf3 sidelines, including 2...Nf6 3 g3 and 2...Nf6 3 Bf4.} Qd7 (9... dxc4 $2 10. Qxc6+ (10. Bxc6+ Bd7 $18) 10... Bd7 11. Qxa8 $18) 10. Nc3 Rc8 11. cxd5 {[%emt 0:03:06] White has an edge.} cxd5 12. Qxd7+ Kxd7 13. Rd1 Bc5 14. Nxd5 Nxd5 15. Bxd5 Bxd5 {[%emt 0:00:05][%mdl 64] [#] Remove Defender} 16. Rxd5+ Ke6 17. Rd2 Rhd8 18. Kf1 Bb6 19. Rxd8 Rxd8 20. Be3 Bxe3 21. fxe3 $14 {[%emt 0:00:01][%mdl 4096] Endgame KR-KR} Rd2 22. Rb1 Kf5 {[%emt 0:01:37] [#]} 23. a4 $146 ({Predecessor:} 23. Ke1 Rc2 24. Kd1 Rc6 25. Rc1 Rb6 26. b3 Ke4 27. Rc3 Rh6 28. Kd2 Rxh2 29. Rc7 {½-½ Matlakov,M (2701)-Akobian,V (2633) Gibraltar Masters 15th 2017 (6)}) 23... g5 24. Rc1 a5 25. Rc7 Ke4 26. Kf2 f5 27. Rb7 Rc2 28. Rb5 (28. b4 $5 ) 28... h5 29. h3 f4 30. exf4 (30. Rxa5 $2 {too greedy.} fxe3+ 31. Kf1 Rc1+ 32. Kg2 Re1 $19) 30... gxf4 31. gxf4 (31. Rxa5 f3 32. Kf1 Rxe2 $19) 31... exf4 32. Ke1 h4 33. Kd1 Rc4 34. Rxa5 {[%emt 0:01:32] Threatens to win with Kd2.} Ke3 {[%emt 0:02:49] Black cannot hold the game after this.} (34... Rb4 $1 $14) 35. b3 $18 Rd4+ (35... Rc3) 36. Ke1 {[%emt 0:00:30] White wants to mate with Re5+.} Rd8 37. Rc5 Rg8 38. Rc3+ Ke4 39. Rd3 Rg1+ 40. Kd2 Ra1 41. Rc3 Ra2+ $2 (41... Kd5 {was called for.} 42. Rf3 Ke4) 42. Ke1 {[%emt 0:00:56] White is clearly winning.} Kd4 43. Rd3+ Ke4 44. Kf2 Ra1 45. Rc3 Ra3 46. Rc4+ Ke5 47. Rb4 Ra1 48. Rb5+ Ke4 (48... Kd6 $142 49. Kf3 Rf1+ 50. Kg4 Rf2) 49. a5 {[%emt 0:00:31] Rb4+ is the strong threat.} Ra2 50. Rb4+ {[%emt 0:02:41] Weighted Error Value: White=0.11 (very precise) /Black=0.47} 1-0